 Dungeon Crawl Stone Soup version 0.30-a0-374-g95c0257040 (webtiles) character file.

Game seed: 6444404105970293543

67 flotson the Sneak (level 3, -1/29 HPs)
             Began as a Demonspawn Delver on Nov 25, 2022.
             Slain by Terence
             ... wielding a +3 vorpal hand axe
              (5 damage)
             ... on level 2 of the Dungeon.
             The game lasted 00:03:46 (1818 turns).

flotson the Sneak (Demonspawn Delver)               Turns: 1818, Time: 00:03:46

Health: -1/29      AC:  5    Str: 14    XL:     3   Next: 98%
Magic:  3/3        EV: 11    Int: 11    God:
Gold:   99         SH:  4    Dex: 14    Spells: 2/2 levels left

rFire   . . .      SeeInvis .    a - +0 spear
rCold   . . .      Faith    .    (no shield)
rNeg    . . .      Spirit   .    h - +0 ring mail
rPois   .          Reflect  .    (no helmet)
rElec   .          Harm     .    (no cloak)
rCorr   .          Rampage  .    (no gloves)
Will    .....                    (no boots)
Stlth   ++........               (no amulet)
HPRegen 0.24/turn                (no ring)
MPRegen 0.08/turn                (no ring)

@: hasted, very quick
A: large bone plates 1
a: no special abilities


You were on level 2 of the Dungeon.
You visited 1 branch of the dungeon, and saw 5 of its levels.

You collected 99 gold pieces.

Inventory:

Hand Weapons
 a - a +0 spear (weapon)
Missiles
 q - 5 poisoned darts (quivered)
Armour
 h - a +0 ring mail (worn)
Wands
 g - a wand of digging (3)
Scrolls
 c - a scroll of fog
 d - a scroll of silence {unknown}
 i - 3 scrolls of identify {unknown}
 k - a scroll of enchant armour {unknown}
 l - a scroll of amnesia {unknown}
 m - a scroll of poison {unknown}
 n - a scroll of blinking {unknown}
 p - a scroll of teleportation {unknown}
 r - a scroll of magic mapping
Potions
 b - a potion of ambrosia {unknown}
 e - 2 potions of curing {unknown}
 f - a potion of haste
 j - a potion of resistance {unknown}
 o - 2 potions of heal wounds {unknown}


   Skills:
 + Level 3.5 Fighting
 - Level 1.7 Polearms
 + Level 1.3 Armour
 + Level 2.4 Dodging
 - Level 4.5 Stealth
 + Level 1.6 Evocations


You had 2 spell levels left.
You didn't know any spells.
Your spell library was empty.

Dungeon Overview and Level Annotations

Branches:
Dungeon (5/15)
 Temple: D:4-7

Altars:

Shops:
D:5 [

Annotations:
D:2 Terence
D:5 1 transporter, bande's ghost, novice GrFi


Innate Abilities, Weirdness & Mutations

You are partially covered in large bone plates. (SH +4)


Message History

The kobold shouts! x2
You closely miss the kobold. The kobold hits you but does no damage.
Terence the Incautious comes into view.
He is wielding a +3 vorpal hand axe and wearing a +3 ring mail of cold resistance.
The kobold hits you but does no damage.
Terence shouts!
You hit the kobold.
The kobold is severely wounded.
The kobold hits you but does no damage. The kobold hits you with a +0 whip.
You hit the kobold but do no damage.
The kobold is severely wounded.
The kobold hits you but does no damage. The kobold barely misses you.
You hit the kobold.
You kill the kobold!
Terence says, "You're history."
The kobold misses you.
You closely miss the kobold. The kobold barely misses you.
You hit the kobold.
You kill the kobold!
You reach to attack!
You hit Terence but do no damage. You closely miss Terence.
You block Terence's attack.
You hit Terence but do no damage.
Terence hits you with a +3 vorpal hand axe.
You hit Terence but do no damage.
Terence hits you with a +3 vorpal hand axe.
You are too injured to fight recklessly!
You are too injured to fight recklessly!
You are too injured to fight recklessly!
You are too injured to fight recklessly!
You are too injured to fight recklessly!
You are too injured to fight recklessly!
You are too injured to fight recklessly!
You are too injured to fight recklessly!
You closely miss Terence.
Terence hits you with a +3 vorpal hand axe!
* * * LOW HITPOINT WARNING * * *
x2
Okay, then.
Unknown command.
You feel yourself speed up.
Terence hits you with a +3 vorpal hand axe.
You die...

#...#..#####.## .###...# .
#...# .###...# #[.....#####
#### ##.#........ ..# ##
#...#..##### #.# ..
#...#..#.######.####.########
##
#...#...........@......<....#
#
.......#.#.###.@###.#######.#
# .........##.#.....# #.# #
.......###.##.))..# #.# #
....###.#.###.....# #.# #
.........## #.....# #.# #
....####.# #.....# #.# #
#.### #.# ##..### #†# # #.#
#.# #..# #.# #


You could see Terence.

Vanquished Creatures
  An adder (D:5)
  3 dart slugs
  5 orcs
  5 bats (D:1)
  3 endoplasms
  2 giant cockroaches
  2 hobgoblins
  2 jackals (D:3)
  3 kobolds
  2 quokkas
  3 ball pythons
  11 frilled lizards (D:1)
  5 rats
47 creatures vanquished.

Notes
Turn   | Place    | Note
-------+----------+-------------------------------------------
     0 | D:5      | flotson the Demonspawn Delver began the quest for the Orb.
     0 | D:5      | Reached XP level 1. HP: 18/18 MP: 1/1
    35 | D:5      | Found a transporter.
    37 | D:5      | Noticed a water moccasin zombie
    53 | D:5      | Noticed bande's ghost (novice GrFi)
    58 | D:5      | Noticed a wyvern zombie
   146 | D:5      | Found Ruli's Armour Shop.
   235 | D:5      | Gained mutation: You are partially covered in large bone
                  | plates. (SH +4) [demonic ancestry]
   235 | D:5      | Reached XP level 2. HP: 14/24 MP: 2/2
   284 | D:5      | Noticed an ogre
   328 | D:4      | Noticed a scorpion
   373 | D:3      | Reached skill level 1 in Evocations
   423 | D:3      | Identified the +0 leather armour of Hefofet {rElec}
   557 | D:3      | Reached skill level 1 in Armour
   617 | D:2      | Reached XP level 3. HP: 29/29 MP: 3/3
  1805 | D:2      | Noticed Terence
  1818 | D:2      | Slain by Terence

Illustrated notes

Levels and vault maps discovered:
D:1:      grunt_arrival_lava_bath, layout_basic, minmay_lizard_pond
D:2:      layout_loops_ring, uniq_terence
D:3:      layout_rooms, serial_glass, glass_columns_a, glass_columns_b,
          st_stairs_12
D:4:      layout_rooms
D:5:      layout_basic, nicolae_overflow_crystal_walls,
          minmay_temple_entry_slanted, serial_shops, shop_statue,
          gammafunk_ghost_mausoleum

Skill      XL: |  1  2 |
---------------+-------+-----
Dodging        | 2 |  2.4
Evocations     | 1 |  1.6
Armour         | 1 |  1.3
Fighting       | |  3.5
Polearms       | |  1.7
Stealth        | |  4.5

Action                   || total
-------------------------++-------
Melee: Spear             ||   200
  Use: Scroll            ||     2
       Potion            ||     1
 Stab: Sleeping          ||    10
Armor: Ring mail         ||    53
       Leather armour    ||     1
Dodge: Dodged            ||    92
Block: Other             ||    26

Table legend: (Time is in decaauts)
 A = Elapsed time spent in this place.
 B = Non-inter-level travel time spent in this place.
 C = Inter-level travel time spent in this place.
 D = Time resting spent in this place.
 E = Time spent auto-exploring this place.
 F = Levels seen in this place.
 G = Mean time per level.
                   A        B        C        D        E       F      G
               +--------+--------+--------+--------+--------+-----+--------+
         Total |   1819 |   1763 |     56 |     10 |   1251 |   5 |  363.8 |
       Dungeon |   1819 |   1763 |     56 |     10 |   1251 |   5 |  363.8 |
               +--------+--------+--------+--------+--------+-----+--------+

Top non-repeatable levels by time:
     D:1: 931 daAuts
     D:5: 325 daAuts
     D:2: 312 daAuts
     D:3: 229 daAuts
     D:4: 19 daAuts
